Map: Proxima Station LE

Players

Creature

  • Race: Protoss Protoss
  • Spawn Location: 1:00

Mokomi - Winner!

  • Race: Protoss Protoss
  • Spawn Location: 7:00

Event: WCS Austin 2017

VOD

Have the link to the VOD?

Description

Time

  • Played on: April 28, 2017, 2:41 p.m.
  • Length: 15:59

All games in this series

Show
View Real Time Build Order
Export as new Build Order

Creature Protoss 

Build Orders: Phoenix Opening 

Get SALT Encoding   

  12  0:01  Probe (Chrono Boost)  
  13  0:11  Probe (Chrono Boost)  
  14  0:19  Pylon  
  14  0:22  Probe (Chrono Boost)  
  15  0:37  Probe (Chrono Boost)  
  15  0:39  Gateway  
  16  0:47  Probe (Chrono Boost)  
  16  0:48  Assimilator  
  17  0:55  Assimilator  
  17  0:58  Probe (Chrono Boost)  
  18  1:09  Probe (Chrono Boost)  
  19  1:18  Pylon  
  19  1:19  Probe (Chrono Boost)  
  20  1:27  Cybernetics Core  
  20  1:30  Probe (Chrono Boost)  
  21  1:35  Pylon  
  21  1:41  Probe (Chrono Boost)  
  22  1:51  Probe (Chrono Boost)  
  23  2:02  Probe (Chrono Boost)  
  23  2:05  Stargate, Warp Gate  
  24  2:10  Stalker  
  24  2:14  Probe (Chrono Boost)  
  27  2:32  Mothership Core (Chrono Boost)  
  27  2:36  Pylon  
  29  2:42  Stalker  
  30  2:50  Probe (Chrono Boost)  
  31  2:54  Pylon  
  31  2:55  Phoenix  
  33  3:16  Phoenix  
  35  3:28  Nexus  
  35  3:34  Pylon  
  35  3:38  Probe (Chrono Boost)  
  36  3:43  Phoenix  
  38  3:52  Probe (Chrono Boost)  
  39  4:04  Probe (Chrono Boost)  
  39  4:06  Phoenix  
  40  4:17  Probe (Chrono Boost)  
  40  4:27  Assimilator  
  40  4:28  Assimilator  
  40  4:29  Probe (Chrono Boost)  
  40  4:30  Phoenix  
  43  4:41  Probe x2 (Chrono Boost)  
  45  4:52  Probe x2 (Chrono Boost)  
  47  4:55  Phoenix  
  49  5:02  Probe x2 (Chrono Boost)  
  51  5:13  Probe (Chrono Boost)  
  52  5:14  Probe (Chrono Boost)  
  53  5:23  Fleet Beacon  
  53  5:24  Probe (Chrono Boost)  
  54  5:29  Phoenix  
  54  5:33  Probe (Chrono Boost)  
  57  5:36  Probe (Chrono Boost)  
  57  5:39  Pylon  
  58  5:44  Probe (Chrono Boost)  
  58  5:47  Probe (Chrono Boost)  
  60  5:50  Stargate  
  60  5:55  Probe (Chrono Boost)  
  61  5:58  Probe (Chrono Boost), Anion Pulse-Crystals  
  61  6:02  Pylon  
  62  6:07  Phoenix  
  64  6:16  Probe (Chrono Boost)  
  64  6:18  Probe (Chrono Boost)  
  65  6:28  Probe (Chrono Boost)  
  65  6:31  Phoenix  
  62  6:39  Phoenix  
  65  6:46  Probe (Chrono Boost)  
  67  6:48  Probe (Chrono Boost)  
  67  6:52  Phoenix  
  67  6:56  Nexus  
  67  7:00  Mothership Core (Chrono Boost), Pylon  
  71  7:03  Probe (Chrono Boost)  
  71  7:07  Phoenix  
  74  7:14  Phoenix  
  74  7:15  Probe (Chrono Boost)  
  71  7:32  Phoenix  
  71  7:33  Probe (Chrono Boost)  
  72  7:37  Phoenix  
  72  7:40  Protoss Air Weapons Level 1  
  72  7:41  Probe (Chrono Boost)  
  76  7:45  Probe (Chrono Boost)  
  77  7:53  Probe (Chrono Boost)  
  77  7:54  Phoenix  
  77  7:55  Pylon  
  77  7:57  Probe (Chrono Boost)  
  80  7:59  Phoenix  
  80  8:04  Assimilator  
  80  8:05  Probe (Chrono Boost)  
  83  8:07  Assimilator  
  83  8:09  Mothership Core (Chrono Boost), Probe (Chrono Boost)  
  86  8:15  Phoenix  
  86  8:17  Probe (Chrono Boost)  
  89  8:20  Forge  
  89  8:21  Phoenix  
  92  8:27  Probe (Chrono Boost)  
  92  8:31  Probe (Chrono Boost)  
  93  8:35  Pylon, Stargate  
  93  8:37  Phoenix  
  93  8:39  Adept  
  97  8:42  Phoenix  
  97  8:43  Probe (Chrono Boost)  
  97  8:47  Probe (Chrono Boost)  
  97  8:48  Probe (Chrono Boost)  
  102  8:54  Photon Cannon  
  102  8:57  Photon Cannon  
  102  9:01  Photon Cannon  
  102  9:05  Protoss Shields Level 1  
  102  9:06  Phoenix  
  102  9:10  Phoenix  
  102  9:16  Probe (Chrono Boost)  
  105  9:21  Pylon x2  
  105  9:24  Phoenix  
  105  9:28  Probe (Chrono Boost)  
  108  9:32  Phoenix  
  108  9:34  Stalker  
  108  9:37  Phoenix  
  112  9:45  Pylon  
  114  9:47  Pylon  
  114  9:49  Phoenix  
  108  9:55  Phoenix  
  108  9:56  Protoss Air Weapons Level 2  
  92  10:01  Phoenix  
  92  10:10  Probe x2 (Chrono Boost), Nexus  
  92  10:14  Phoenix  
  94  10:17  Phoenix  
  94  10:21  Probe (Chrono Boost)  
  99  10:25  Phoenix  
  96  10:32  Probe (Chrono Boost)  
  96  10:33  Probe (Chrono Boost)  
  106  10:40  Phoenix  
  106  10:41  Phoenix  
  109  10:43  Pylon  
  109  10:44  Probe (Chrono Boost)  
  109  10:49  Probe x2 (Chrono Boost)  
  113  10:50  Phoenix  
  113  10:52  Pylon  
  116  10:57  Probe (Chrono Boost)  
  116  11:01  Probe (Chrono Boost)  
  117  11:04  Pylon  
  117  11:05  Phoenix  
  117  11:06  Phoenix  
  121  11:12  Phoenix  
  121  11:14  Gateway  
  123  11:20  Gateway  
  123  11:22  Probe (Chrono Boost)  
  123  11:23  Probe (Chrono Boost)  
  123  11:24  Probe x2 (Chrono Boost)  
  127  11:30  Phoenix  
  129  11:33  Phoenix  
  121  11:43  Phoenix  
  93  11:55  Phoenix x2  
  93  12:01  Probe (Chrono Boost)  
  91  12:02  Probe (Chrono Boost)  
  91  12:05  Phoenix  
  84  12:10  Probe (Chrono Boost)  
  84  12:11  Probe (Chrono Boost)  
  84  12:12  Stalker  
  88  12:16  Twilight Council, Probe (Chrono Boost)  
  88  12:17  Phoenix  
  88  12:18  Probe (Chrono Boost)  
  88  12:20  Phoenix  
  88  12:22  Probe (Chrono Boost)  
  95  12:23  Assimilator, Probe (Chrono Boost)  
  95  12:26  Phoenix  
  95  12:27  Assimilator  
  95  12:38  Phoenix  
  95  12:40  Probe (Chrono Boost)  
  95  12:41  Photon Cannon  
  95  12:42  Probe (Chrono Boost)  
  99  12:45  Phoenix  
  101  12:52  Probe (Chrono Boost)  
  101  12:53  Stargate  
  101  12:55  Phoenix  
  103  12:59  Probe (Chrono Boost)  
  103  13:00  Phoenix  
  103  13:03  Probe (Chrono Boost)  
  105  13:07  Probe (Chrono Boost)  
  105  13:10  Probe (Chrono Boost)  
  107  13:15  Protoss Air Weapons Level 3, Probe (Chrono Boost), Phoenix  
  110  13:20  Probe (Chrono Boost)  
  110  13:21  Phoenix  
  110  13:25  Phoenix  
  111  13:27  Probe (Chrono Boost)  
  113  13:40  Phoenix x2  
  117  13:43  Phoenix  
  117  13:48  Robotics Facility  
  119  13:52  Phoenix  
  119  13:54  Probe (Chrono Boost)  
  122  14:05  Phoenix  
  122  14:07  Phoenix  
  126  14:17  Phoenix  
  126  14:21  Nexus  
  128  14:24  Pylon  
  128  14:25  Phoenix  
  128  14:29  Phoenix  
  131  14:31  Probe (Chrono Boost)  
  131  14:35  Observer  
  134  14:38  Phoenix  
  134  14:41  Phoenix  
  134  14:45  Stalker  
  132  14:55  Phoenix  
  128  15:07  Phoenix  
  128  15:11  Phoenix  
  128  15:12  Stalker x3  
  124  15:26  Phoenix x2  
  107  15:29  Phoenix  
  109  15:35  Stalker x2  
Show
View Real Time Build Order
Export as new Build Order

Mokomi Protoss - Winner!

Build Orders: Oracle Opening, Phoenix Opening 

Get SALT Encoding   

  12  0:00  Probe (Chrono Boost)  
  13  0:11  Probe (Chrono Boost)  
  14  0:17  Pylon  
  14  0:22  Probe (Chrono Boost)  
  15  0:36  Probe (Chrono Boost), Gateway  
  16  0:44  Assimilator  
  16  0:46  Probe (Chrono Boost)  
  17  0:54  Assimilator  
  18  0:57  Probe (Chrono Boost)  
  18  1:07  Probe (Chrono Boost)  
  18  1:08  Gateway  
  19  1:18  Probe (Chrono Boost)  
  20  1:23  Cybernetics Core  
  20  1:28  Probe (Chrono Boost)  
  21  1:35  Pylon  
  21  1:39  Probe (Chrono Boost)  
  22  1:49  Probe (Chrono Boost)  
  23  1:59  Adept  
  23  2:00  Warp Gate, Adept  
  27  2:01  Probe (Chrono Boost)  
  28  2:12  Stargate  
  28  2:18  Probe (Chrono Boost)  
  29  2:26  Pylon  
  29  2:30  Stalker  
  31  2:50  Oracle  
  34  3:09  Mothership Core (Chrono Boost)  
  34  3:12  Nexus  
  36  3:17  Pylon  
  36  3:23  Phoenix  
  38  3:44  Phoenix  
  38  3:47  Assimilator, Probe (Chrono Boost)  
  41  4:07  Phoenix  
  41  4:08  Probe (Chrono Boost)  
  39  4:10  Assimilator  
  41  4:20  Probe (Chrono Boost)  
  43  4:24  Probe (Chrono Boost)  
  43  4:30  Stargate  
  44  4:32  Probe (Chrono Boost)  
  44  4:35  Probe (Chrono Boost), Phoenix  
  45  4:44  Probe (Chrono Boost)  
  45  4:45  Probe (Chrono Boost)  
  49  4:53  Pylon  
  49  4:56  Probe x2 (Chrono Boost)  
  49  4:57  Phoenix  
  53  5:09  Probe (Chrono Boost)  
  53  5:10  Probe (Chrono Boost), Phoenix  
  57  5:19  Phoenix  
  59  5:32  Phoenix  
  59  5:33  Probe (Chrono Boost)  
  59  5:34  Probe (Chrono Boost)  
  63  5:37  Sentry  
  63  5:40  Phoenix  
  65  5:45  Probe (Chrono Boost)  
  68  5:53  Pylon  
  68  5:54  Phoenix  
  70  6:07  Phoenix  
  70  6:10  Protoss Air Weapons Level 1  
  73  6:13  Probe (Chrono Boost)  
  73  6:14  Pylon  
  73  6:15  Phoenix  
  73  6:25  Pylon  
  75  6:29  Phoenix  
  73  6:37  Phoenix  
  75  6:51  Phoenix  
  75  6:58  Probe (Chrono Boost), Nexus  
  75  6:59  Phoenix  
  81  7:09  Probe (Chrono Boost)  
  81  7:11  Fleet Beacon  
  81  7:21  Phoenix  
  81  7:22  Phoenix  
  79  7:43  Pylon, Phoenix  
  79  7:46  Assimilator  
  79  7:47  Anion Pulse-Crystals  
  79  7:48  Probe (Chrono Boost)  
  79  7:49  Assimilator  
  82  8:02  Probe x2 (Chrono Boost)  
  82  8:05  Phoenix  
  84  8:06  Phoenix  
  88  8:14  Probe x2 (Chrono Boost)  
  88  8:17  Probe (Chrono Boost)  
  91  8:26  Probe x2 (Chrono Boost)  
  91  8:27  Phoenix  
  93  8:31  Phoenix  
  93  8:32  Protoss Air Armor Level 1  
  97  8:39  Probe (Chrono Boost)  
  97  8:40  Probe x2 (Chrono Boost)  
  100  8:48  Phoenix  
  100  8:52  Probe (Chrono Boost)  
  103  8:56  Phoenix  
  103  8:57  Pylon  
  105  9:04  Robotics Facility  
  105  9:10  Phoenix  
  107  9:17  Phoenix  
  107  9:22  Forge  
  107  9:23  Probe (Chrono Boost)  
  110  9:24  Pylon  
  110  9:32  Phoenix  
  112  9:39  Phoenix  
  114  9:46  Nexus  
  106  9:53  Phoenix  
  88  10:02  Phoenix  
  88  10:11  Probe x2 (Chrono Boost)  
  90  10:15  Probe (Chrono Boost), Photon Cannon  
  90  10:16  Phoenix  
  90  10:20  Protoss Air Weapons Level 2  
  93  10:21  Stargate, Protoss Shields Level 1  
  93  10:23  Probe (Chrono Boost)  
  92  10:28  Phoenix  
  92  10:32  Assimilator  
  92  10:35  Probe (Chrono Boost)  
  95  10:38  Assimilator  
  95  10:41  Phoenix  
  98  10:44  Probe (Chrono Boost)  
  99  10:50  Observer  
  99  10:53  Phoenix  
  101  11:02  Probe x2 (Chrono Boost)  
  103  11:05  Phoenix x2  
  108  11:18  Phoenix  
  108  11:20  Probe (Chrono Boost)  
  110  11:26  Twilight Council  
  110  11:30  Phoenix x2  
  114  11:43  Phoenix  
  108  11:51  Oracle  
  96  11:54  Phoenix  
  97  12:07  Protoss Shields Level 2  
  97  12:08  Phoenix  
  99  12:17  Templar Archives  
  99  12:19  Phoenix  
  101  12:24  Phoenix  
  101  12:25  Probe x2 (Chrono Boost)  
  105  12:33  Protoss Air Weapons Level 3, Phoenix  
  107  12:42  Phoenix  
  113  12:49  Phoenix, Nexus  
  117  12:51  Pylon  
  117  12:58  Phoenix  
  119  13:04  Phoenix  
  121  13:14  Observer, Phoenix  
  124  13:23  Phoenix  
  124  13:25  Phoenix  
  124  13:27  Assimilator  
  123  13:29  Photon Cannon  
  125  13:39  Phoenix  
  127  13:47  Observer, Phoenix  
  127  13:48  Phoenix  
  130  13:54  Probe (Chrono Boost)  
  130  13:55  Probe x3 (Chrono Boost)  
  136  14:00  Photon Cannon  
  136  14:01  Photon Cannon  
  136  14:02  Phoenix  
  136  14:04  Pylon  
  136  14:05  High Templar x2, Probe (Chrono Boost)  
  136  14:06  Assimilator  
  136  14:09  Archon, Phoenix  
  143  14:13  Phoenix  
  147  14:23  Phoenix  
  147  14:25  Probe (Chrono Boost)  
  147  14:27  Probe (Chrono Boost)  
  147  14:30  Phoenix  
  151  14:38  Pylon, Phoenix  
  155  14:45  Phoenix  
  155  14:52  Phoenix  
  159  15:03  Phoenix  
Tags
 
Add a new tag
Caveats
  • Supply blocks, unpowered buildings, or Contaminate may cause inaccurate times.
  • Supply counts are checked every 10 seconds.